 Dungeon Crawl Stone Soup version 0.28-a0-317-g21599a725c (webtiles) character file.

Game seed: 4095950266807038799

347 McIrco the Cutter (level 6, 0/39 HPs)
             Began as a Kobold Berserker on Sept 1, 2021.
             Was a Believer of Trog.
             Slain by a hobgoblin (7 damage)
             ... led by Robin
             ... on level 4 of the Dungeon.
             The game lasted 00:03:38 (3164 turns).

McIrco the Cutter (Kobold Berserker)                Turns: 3164, Time: 00:03:39

Health: 0/39       AC:  2    Str: 16    XL:     6   Next: 91%
Magic:  6/6        EV: 15    Int:  9    God:    Trog [**....]
Gold:   111        SH:  0    Dex: 14    Spells: 5/5 levels left

rFire   . . .      SeeInvis .   a - +0 short sword
rCold   . . .      Faith    .   (shield restricted)
rNeg    . . .      Spirit   .   b - +0 animal skin
rPois   .          Reflect  .   (no helmet)
rElec   .          Harm     .   (no cloak)
rCorr   .          Rampage  .   (no gloves)
Will    ++...                   (no boots)
Stlth   ++++......              (no amulet)
HPRegen 1.13/turn               (no ring)
MPRegen 0.10/turn               (no ring)

@: strong-willed (expiring), on berserk cooldown, regenerating (expiring),
slowed, very slow
A: small, no large weapons, nightstalker 3
a: Renounce Religion, Berserk, Trog's Hand


You were on level 4 of the Dungeon.
You worshipped Trog.
Trog was pleased with you.
You visited 1 branch of the dungeon, and saw 4 of its levels.

You collected 168 gold pieces.
You spent 57 gold pieces at shops.

Inventory:

Hand Weapons
 a - a +0 short sword (weapon)
 m - a +5 dagger
Armour
 b - a +0 animal skin (worn)
 f - a +0 buckler
Jewellery
 r - a +6 ring of intelligence
 s - a ring of positive energy
Scrolls
 i - 2 scrolls of teleportation
Potions
 c - 4 potions of flight
 e - a potion of haste {unknown}
 h - 2 potions of curing {unknown}
 k - a potion of ambrosia {unknown}
 l - 2 potions of heal wounds {unknown}
 n - 3 potions of degeneration
 o - a potion of mutation {unknown}
 p - a potion of magic {unknown}


   Skills:
 + Level 4.4 Fighting
 + Level 6.2 Short Blades
 + Level 1.6 Armour
 + Level 3.9 Dodging
 + Level 5.0 Stealth


You had 5 spell levels left.
You didn't know any spells.
Your spell library was empty.

Dungeon Overview and Level Annotations

Branches:
Dungeon (4/15)
 Temple: D:4-7

Altars:
Gozag
Trog

Shops:
D:1 *

Annotations:
D:4 Robin


Innate Abilities, Weirdness & Mutations

You are small and have problems with some larger weapons.
You are completely attuned to the shadows.


Message History

The quokka barely misses you.
Robin shouts!
You puncture the quokka!
You kill the quokka!
Trog accepts your kill.
The goblin shoots a stone.
The stone closely misses you. The orc hits you with a +0 dagger.
The hobgoblin hits you.
* * * LOW HITPOINT WARNING * * *
The orc closely misses you.
You closely miss the orc. The orc hits you with a +0 dagger.
* * * LOW HITPOINT WARNING * * *
A worm comes into view.
The orc barely misses you. The hobgoblin closely misses you.
You puncture the orc!
You kill the orc!
Trog accepts your kill.
You completely miss the hobgoblin.
You feel the effects of Trog's Hand fading.
A goblin comes into view. It is wielding a +0 dagger.
The orc misses you.
You puncture the hobgoblin!
You kill the hobgoblin!
Trog accepts your kill.
Robin roars a battlecry!
The goblins go into a battle-frenzy!
You hear a shout!
A quokka and a goblin come into view.
The goblin shouts!
The goblin closely misses you. The orc hits you with a +0 dagger.
* * * LOW HITPOINT WARNING * * *
Robin hits you with a +0 spear.
* * * LOW HITPOINT WARNING * * *
You hit Robin but do no damage. You puncture Robin!
Robin is heavily wounded.
You are no longer berserk.
You are exhausted.
You feel yourself slow down. The hobgoblin hits you!
You die...

###................##
#...................#
###....#.............
##...##..........:)
##...#.......>..#.
##.....(......####
##)))#.#.........
##gog[#####........
#.g@g## #..#.....
...g...# ..w#.#.#
rg###...# .. # .#


You could see a worm, Robin, an orc, a quokka, a hobgoblin (strong) and 4
goblins.

Vanquished Creatures
  Sigmund (D:2)
  Natasha (thrice) (D:2)
  2 adders
  2 worms (D:2)
  2 dart slugs
  5 orcs (D:4)
  6 ball pythons
  4 bats
  4 endoplasms
  A giant cockroach (D:2)
  10 hobgoblins
  2 jackals (D:1)
  2 kobolds (D:2)
  3 quokkas
  A frilled lizard (D:1)
  9 goblins
  7 rats
64 creatures vanquished.

Vanquished Creatures (collateral kills)
  An adder (D:4)
  2 quokkas (D:4)
3 creatures vanquished.

Vanquished Creatures (others)
  A wizard (D:3)
  3 fungi (D:2)
  3 plants (D:2)
7 creatures vanquished.

Grand Total: 74 creatures vanquished

Notes
Turn   | Place    | Note
-------+----------+-------------------------------------------
     0 | D:1      | McIrco the Kobold Berserker began the quest for the Orb.
     0 | D:1      | Reached XP level 1. HP: 14/14 MP: 1/1
   152 | D:1      | Found Lahuiczo's Assorted Antiques.
   165 | D:1      | Reached XP level 2. HP: 15/19 MP: 2/2
   312 | D:1      | Bought a sapphire potion for 27 gold pieces
   312 | D:1      | Bought a scroll labelled SUMIV NIUNIE for 30 gold pieces
   361 | D:1      | Reached skill level 1 in Stealth
   760 | D:1      | Reached XP level 3. HP: 24/24 MP: 3/3
   962 | D:1      | Reached ** piety under Trog
  1290 | D:2      | Found a faded altar of an unknown god.
  1494 | D:2      | Found an opulent altar of Gozag.
  1558 | D:2      | Noticed Natasha
  1568 | D:2      | Killed Natasha
  1569 | D:2      | Reached XP level 4. HP: 29/29 MP: 4/4
  1725 | D:2      | Noticed Sigmund
  1738 | D:2      | Killed Sigmund
  1739 | D:2      | Reached skill level 5 in Short Blades
  1739 | D:2      | Reached XP level 5. HP: 34/34 MP: 5/5
  1739 | D:2      | Reached XP level 6. HP: 39/39 MP: 6/6
  2078 | D:2      | Noticed Natasha
  2096 | D:2      | Killed Natasha
  2253 | D:2      | Noticed Natasha
  2264 | D:2      | Killed Natasha
  2265 | D:2      | Reached skill level 6 in Short Blades
  2401 | D:3      | Found a bloodstained altar of Trog.
  2404 | D:3      | Noticed a wizard
  2418 | D:3      | Killed a wizard
  3057 | D:4      | Reached skill level 5 in Stealth
  3155 | D:4      | Noticed Robin
  3164 | D:4      | Slain by a hobgoblin

Illustrated notes

Levels and vault maps discovered:
D:1:      scummos_arrival_star, layout_basic, serial_curves, eino_curves_01,
          eino_curves_03, serial_shops, shop_coins
D:2:      mumra_celtic_spiral_tile, layout_basic, basic_altar,
          shapermc_ecumenical_altar_rom_forum, kennysheep_generic_room_9,
          uniq_natasha, uniq_sigmund
D:3:      layout_loops_ring, trog_wizard, corner_web_ring, feat_on_display
D:4:      layout_cave_pools, mainiacjoe_overflow_alcove_1, gup_sewer_entry_bowl,
          uniq_menkaure, uniq_robin

Skill      XL: |  1  2  3  4  5  6 |
---------------+-------------------+-----
Stealth        | 1 2 4 5 |  5.0
Fighting       | 4 |  4.4
Dodging        | 3 |  3.9
Short Blades   | 5 6 |  6.2
Armour         | |  1.6

Action                   |  1- 3 |  4- 6 || total
-------------------------+-------+-------++-------
Melee: Short sword       |    85 |    94 ||   179
Invok: Berserk           |     3 |     5 ||     8
       Trog's Hand       |       |     1 ||     1
  Use: Scroll            |       |     6 ||     6
 Stab: Sleeping          |     9 |     5 ||    14
Armor: Animal skin       |    14 |    11 ||    25
Dodge: Dodged            |    57 |    58 ||   115

Table legend: (Time is in decaauts)
 A = Elapsed time spent in this place.
 B = Non-inter-level travel time spent in this place.
 C = Inter-level travel time spent in this place.
 D = Time resting spent in this place.
 E = Time spent auto-exploring this place.
 F = Levels seen in this place.
 G = Mean time per level.
                   A        B        C        D        E       F      G
               +--------+--------+--------+--------+--------+-----+--------+
         Total |   3198 |   3104 |     94 |    178 |   2481 |   4 |  799.5 |
       Dungeon |   3198 |   3104 |     94 |    178 |   2481 |   4 |  799.5 |
               +--------+--------+--------+--------+--------+-----+--------+

Top non-repeatable levels by time:
     D:2: 1319 daAuts
     D:1: 1049 daAuts
     D:3: 705 daAuts
     D:4: 124 daAuts
